MLB
NEW YORK METS @ ATLANTA BRAVES
09/21/2048
 
TOP OF THE 1ST
New York Mets batting - Pitching for Atlanta Braves : RHP Casey Jones
Pitching: RHP Casey Jones
Batting: LHB Kevin Bellman 0-0: Called Strike
0-1: Ball
1-1: Called Strike
1-2: Ball
2-2: Strikes out looking
Batting: SHB Nelle van den Berg 0-0: Ball
1-0: Ball
2-0: Called Strike
2-1: Ball
3-1: Swinging Strike
3-2: Base on Balls
Batting: SHB Roberto Magne 0-0: Fly out, F7 (Flyball, 78S, EV 73.8 MPH)
Batting: RHB Hiroshige Yamada 0-0: Ball
1-0: Called Strike
1-1: Called Strike
1-2: Ball
2-2: Foul Ball, location: 2F
2-2: Fly out, F7 (Line Drive, 7LM, EV 91.9 MPH)
Top of the 1st over - 0 runs, 0 hits, 0 errors, 1 left on base; New York 0 - Atlanta 0
BOTTOM OF THE 1ST
Atlanta Braves batting - Pitching for New York Mets : RHP Jeff Jank
Pitching: RHP Jeff Jank
Batting: RHB Yasuhide Kasahara 0-0: Fly out, F9 (Flyball, 9D, EV 87.5 MPH)
Batting: LHB Erik Gretzky 0-0: Ball
1-0: Swinging Strike
1-1: Called Strike
1-2: Foul Ball, location: 2F
1-2: Ball
2-2: Strikes out swinging
Batting: RHB Jeckel Hester 0-0: Ball
1-0: Fly out, F9 (Line Drive, 9LM, EV 100.6 MPH)
Bottom of the 1st over - 0 runs, 0 hits, 0 errors, 0 left on base; New York 0 - Atlanta 0
TOP OF THE 2ND
New York Mets batting - Pitching for Atlanta Braves : RHP Casey Jones
Batting: SHB Pete Barutha 0-0: Called Strike
0-1: Ball
1-1: Foul Ball, location: 2F
1-2: Ball
2-2: Foul Ball, location: 2F
2-2: Strikes out swinging
Batting: SHB Javy Rosa 0-0: Called Strike
0-1: Ground out 6-3 (Groundball, 6, EV 84.4 MPH)
Batting: RHB Billy Walker 0-0: Ball
1-0: Swinging Strike
1-1: Foul Ball, location: 2F
1-2: Ball
2-2: Foul Ball, location: 2F
2-2: Foul Ball, location: 2F
2-2: Ground out 5-3 (Groundball, 56S, EV 78.1 MPH)
Top of the 2nd over - 0 runs, 0 hits, 0 errors, 0 left on base; New York 0 - Atlanta 0
BOTTOM OF THE 2ND
Atlanta Braves batting - Pitching for New York Mets : RHP Jeff Jank
Batting: RHB Ike Trout 0-0: Called Strike
0-1: Ball
1-1: Ball
2-1: Called Strike
2-2: Ball
3-2: Foul Ball, location: 2F
3-2: Ground out 6-3 (Groundball, 56, EV 105.6 MPH)
Batting: RHB Erik Coleman 0-0: Called Strike
0-1: Foul Ball, location: 2F
0-2: Ball
1-2: Ball
2-2: Foul Ball, location: 2F
2-2: Ground out 4-3 (Groundball, 4, EV 100.0 MPH)
Batting: SHB Terry Tuckfard 0-0: SINGLE (Groundball, 6MS, EV 65.6 MPH) (infield hit)
Batting: RHB Liangde Li 0-0: Called Strike
0-1: Foul Ball, location: 2F
0-2: Ball
1-2: Ball
2-2: Fly out, F8 (Flyball, 8LM, EV 93.8 MPH)
Bottom of the 2nd over - 0 runs, 1 hit, 0 errors, 1 left on base; New York 0 - Atlanta 0
TOP OF THE 3RD
New York Mets batting - Pitching for Atlanta Braves : RHP Casey Jones
Batting: SHB Luke Robbins 0-0: Called Strike
0-1: Ball
1-1: Fly out, F5 (Popup, 56S, EV 82.5 MPH)
Batting: RHB Antonio Aranda 0-0: Called Strike
0-1: Swinging Strike
0-2: Foul Ball, location: 2F
0-2: Ball
1-2: Fly out, F7 (Flyball, 7S, EV 78.1 MPH)
Batting: LHB Kevin Bellman 0-0: Ground out 4-3 (Groundball, 4, EV 103.8 MPH)
Top of the 3rd over - 0 runs, 0 hits, 0 errors, 0 left on base; New York 0 - Atlanta 0
BOTTOM OF THE 3RD
Atlanta Braves batting - Pitching for New York Mets : RHP Jeff Jank
Batting: LHB David Bramble 0-0: Called Strike
0-1: Ball
1-1: Ball
2-1: Ball
3-1: Ground out 4-3 (Groundball, 4, EV 110.6 MPH)
Batting: RHB J.J. Powers 0-0: Ball
1-0: Foul Ball, location: 2F
1-1: SINGLE (Groundball, 34D, EV 107.5 MPH)
Batting: RHB Yasuhide Kasahara 0-0: Ball
1-0: Fly out, F7 (Line Drive, 7D, EV 95.0 MPH)
Batting: LHB Erik Gretzky 0-0: Called Strike
0-1: Ball
1-1: Ball
J.J. Powers steals 2nd, throwing error, E2
J.J. Powers to third
2-1: Swinging Strike
2-2: Foul Ball, location: 2F
2-2: Ball
3-2: Foul Ball, location: 2F
3-2: SINGLE (Line Drive, 4MD, EV 99.4 MPH)
J.J. Powers scores
Batting: RHB Jeckel Hester 0-0: Ball
1-0: Ball
2-0: Ground out U3 (Groundball, 3L, EV 106.2 MPH)
Bottom of the 3rd over - 1 run, 2 hits, 1 error, 1 left on base; New York 0 - Atlanta 1
TOP OF THE 4TH
New York Mets batting - Pitching for Atlanta Braves : RHP Casey Jones
Batting: SHB Nelle van den Berg 0-0: SOLO HOME RUN (Flyball, 7D, EV 94.4 MPH), Distance : 373 ft
Batting: SHB Roberto Magne 0-0: Ball
1-0: Called Strike
1-1: Ground out U3 (Groundball, 34S, EV 70.6 MPH)
Batting: RHB Hiroshige Yamada 0-0: Swinging Strike
0-1: Ball
1-1: Ball
2-1: Ball
3-1: Swinging Strike
3-2: Strikes out swinging
Batting: SHB Pete Barutha 0-0: Called Strike
0-1: Swinging Strike
0-2: Foul Ball, location: 2F
0-2: Foul Ball, location: 2F
0-2: Ball
1-2: Ball
2-2: Strikes out swinging
Top of the 4th over - 1 run, 1 hit, 0 errors, 0 left on base; New York 1 - Atlanta 1
BOTTOM OF THE 4TH
Atlanta Braves batting - Pitching for New York Mets : RHP Jeff Jank
Batting: RHB Ike Trout 0-0: Called Strike
0-1: Called Strike
0-2: Ball
1-2: Ball
2-2: Foul Ball, location: 2F
2-2: Ball
3-2: Base on Balls
Batting: RHB Erik Coleman 0-0: Fly out, F7 (Flyball, 7LM, EV 91.9 MPH)
Batting: SHB Terry Tuckfard 0-0: Called Strike
0-1: Ball
1-1: Swinging Strike
1-2: Foul Ball, location: 2F
1-2: Ball
2-2: Ball
Ike Trout is caught stealing 2nd base 2-6
3-2: Foul Ball, location: 2F
3-2: Strikes out looking
Bottom of the 4th over - 0 runs, 0 hits, 0 errors, 0 left on base; New York 1 - Atlanta 1
TOP OF THE 5TH
New York Mets batting - Pitching for Atlanta Braves : RHP Casey Jones
Batting: SHB Javy Rosa 0-0: Ball
1-0: Called Strike
1-1: Ball
2-1: Called Strike
2-2: Strikes out swinging
Batting: RHB Billy Walker 0-0: Foul Ball, location: 2F
0-1: Swinging Strike
0-2: Ball
1-2: Ball
2-2: Foul Ball, location: 2F
2-2: Foul Ball, location: 2F
2-2: Ball
3-2: Strikes out swinging
Batting: SHB Luke Robbins 0-0: Foul Ball, location: 2F
0-1: Ground out 3-1 (Groundball, 34, EV 104.4 MPH)
Top of the 5th over - 0 runs, 0 hits, 0 errors, 0 left on base; New York 1 - Atlanta 1
BOTTOM OF THE 5TH
Atlanta Braves batting - Pitching for New York Mets : RHP Jeff Jank
Batting: RHB Liangde Li 0-0: Called Strike
0-1: Called Strike
0-2: Ground out 6-3 (Groundball, 6M, EV 86.2 MPH)
Batting: LHB David Bramble 0-0: SINGLE (Line Drive, 89S, EV 98.1 MPH)
Batting: RHB J.J. Powers 0-0: Ball
1-0: Swinging Strike
1-1: Ball
2-1: Grounds into double play, 6-4-3 (Groundball, 6S, EV 88.1 MPH)
Bottom of the 5th over - 0 runs, 1 hit, 0 errors, 0 left on base; New York 1 - Atlanta 1
TOP OF THE 6TH
New York Mets batting - Pitching for Atlanta Braves : RHP Casey Jones
Batting: RHB Antonio Aranda 0-0: Foul Ball, location: 2F
0-1: Ball
1-1: Ball
2-1: Ball
3-1: Foul Ball, location: 2F
3-2: Strikes out looking
Batting: LHB Kevin Bellman 0-0: Called Strike
0-1: Foul Ball, location: 2F
0-2: Strikes out looking
Batting: SHB Nelle van den Berg 0-0: Ball
1-0: Foul Ball, location: 2F
1-1: Foul Ball, location: 2F
1-2: Ball
2-2: SOLO HOME RUN (Line Drive, 78XD, EV 106.2 MPH), Distance : 411 ft
Batting: SHB Roberto Magne 0-0: Foul Ball, location: 2F
0-1: SINGLE (Flyball, 34D, EV 81.2 MPH)
Batting: RHB Hiroshige Yamada 0-0: Ball
1-0: Fielders Choice at 2nd, 6-4 (Groundball, 6, EV 83.1 MPH)
Top of the 6th over - 1 run, 2 hits, 0 errors, 1 left on base; New York 2 - Atlanta 1
BOTTOM OF THE 6TH
Atlanta Braves batting - Pitching for New York Mets : RHP Jeff Jank
Batting: RHB Yasuhide Kasahara 0-0: Ball
1-0: Ball
2-0: Called Strike
2-1: Swinging Strike
2-2: Foul Ball, location: 2F
2-2: Ground out U3 (Groundball, 3, EV 84.4 MPH)
Batting: LHB Erik Gretzky 0-0: Ball
1-0: Ground out U3 (Groundball, 3S, EV 90.0 MPH)
Batting: RHB Jeckel Hester 0-0: Ball
1-0: Foul Ball, location: 2F
1-1: Ball
2-1: Ground out 5-3 (Groundball, 56S, EV 88.8 MPH)
Bottom of the 6th over - 0 runs, 0 hits, 0 errors, 0 left on base; New York 2 - Atlanta 1
TOP OF THE 7TH
New York Mets batting - Pitching for Atlanta Braves : RHP Casey Jones
Batting: SHB Pete Barutha 0-0: Ball
1-0: Swinging Strike
1-1: Called Strike
1-2: Ball
2-2: Strikes out looking
Batting: SHB Javy Rosa 0-0: Ball
1-0: Ball
2-0: Ball
3-0: Called Strike
3-1: Base on Balls
Batting: RHB Billy Walker 0-0: Called Strike
0-1: Ball
1-1: Called Strike
1-2: Strikes out swinging
Pitching: RHP Kevin Cushman
Batting: SHB Luke Robbins 0-0: Ball
1-0: Swinging Strike
1-1: Ball
2-1: Foul Ball, location: 2F
2-2: Ball
3-2: Strikes out swinging
Top of the 7th over - 0 runs, 0 hits, 0 errors, 1 left on base; New York 2 - Atlanta 1
BOTTOM OF THE 7TH
Atlanta Braves batting - Pitching for New York Mets : RHP Jeff Jank
Batting: RHB Ike Trout 0-0: Ball
1-0: Ball
2-0: SINGLE (Groundball, 6MD, EV 97.5 MPH)
Batting: LHB Evan Torraville 0-0: Foul Ball, location: 2F
0-1: Grounds into double play, 4-6-3 (Groundball, 4, EV 79.4 MPH)
Batting: SHB Terry Tuckfard 0-0: Ball
1-0: Ground out U3 (Groundball, 3, EV 89.4 MPH)
Bottom of the 7th over - 0 runs, 1 hit, 0 errors, 0 left on base; New York 2 - Atlanta 1
TOP OF THE 8TH
New York Mets batting - Pitching for Atlanta Braves : RHP Kevin Cushman
Batting: RHB Antonio Aranda 0-0: Swinging Strike
0-1: SINGLE (Flyball, 89S, EV 90.0 MPH)
Batting: LHB Kevin Bellman 0-0: Ball
1-0: Ball
2-0: Ball
3-0: Called Strike
3-1: Bunted foul
3-2: Strikes out swinging
Batting: SHB Nelle van den Berg 0-0: Called Strike
0-1: Grounds out, U3 (Groundball, 3L, EV 88.8 MPH)
Batting: SHB Roberto Magne 0-0: Ball
1-0: Ball
2-0: Ball
3-0: Called Strike
3-1: Called Strike
3-2: Base on Balls
Batting: RHB Hiroshige Yamada 0-0: Called Strike
0-1: Ball
1-1: Ball
2-1: Called Strike
2-2: Ball
3-2: Foul Ball, location: 2F
3-2: Foul Ball, location: 2F
3-2: SINGLE (Groundball, 6MD, EV 106.9 MPH)
Antonio Aranda to third
Roberto Magne to second
Antonio Aranda scores
Roberto Magne to third
Batting: SHB Pete Barutha 0-0: Foul Ball, location: 2F
0-1: SINGLE (Line Drive, 4D, EV 103.8 MPH)
Roberto Magne scores
Hiroshige Yamada to second
Pitching: LHP Shingo Miura
Batting: SHB Javy Rosa 0-0: Called Strike
0-1: SINGLE (Groundball, 56D, EV 94.4 MPH)
Hiroshige Yamada to third
Pete Barutha to second
Runner from 3rd tries for Home, SAFE, throw by LF to home
Batting: RHB Billy Walker 0-0: Called Strike
0-1: Fly out, F7 (Flyball, 7LM, EV 102.5 MPH)
Top of the 8th over - 3 runs, 4 hits, 0 errors, 2 left on base; New York 5 - Atlanta 1
BOTTOM OF THE 8TH
Atlanta Braves batting - Pitching for New York Mets : RHP Jeff Jank
Batting: RHB Liangde Li 0-0: Foul Ball, location: 2F
0-1: Ball
1-1: Ground out 5-3 (Groundball, 56, EV 87.5 MPH)
Batting: LHB David Bramble 0-0: Called Strike
0-1: Called Strike
0-2: Ball
1-2: Ball
2-2: Ground out 4-3 (Groundball, 4, EV 86.9 MPH)
Batting: RHB J.J. Powers 0-0: Foul Ball, location: 2F
0-1: Foul Ball, location: 2F
0-2: Foul Ball, location: 2F
0-2: Ball
1-2: Strikes out looking
Bottom of the 8th over - 0 runs, 0 hits, 0 errors, 0 left on base; New York 5 - Atlanta 1
TOP OF THE 9TH
New York Mets batting - Pitching for Atlanta Braves : LHP Shingo Miura
Batting: SHB Luke Robbins 0-0: Ball
1-0: Called Strike
1-1: Ball
2-1: Fly out, F7 (Flyball, 78M, EV 97.5 MPH)
Batting: RHB Antonio Aranda 0-0: Ball
1-0: Ball
2-0: Swinging Strike
2-1: SINGLE (Line Drive, 7LS, EV 110.6 MPH)
Batting: LHB Kevin Bellman 0-0: Ball
1-0: SINGLE (Line Drive, 3D, EV 94.4 MPH)
Antonio Aranda to second
Runner from 2nd tries for 3rd, SAFE, throw by RF made to third
Batting: SHB Nelle van den Berg 0-0: Called Strike
Kevin Bellman steals 2nd, throwing error, E2
Antonio Aranda scores
Kevin Bellman to third
0-1: Foul Ball, location: 2F
0-2: Strikes out looking
Batting: SHB Roberto Magne 0-0: Fly out, F2 (Popup, 15S, EV 86.9 MPH)
Top of the 9th over - 1 run, 2 hits, 1 error, 1 left on base; New York 6 - Atlanta 1
BOTTOM OF THE 9TH
Atlanta Braves batting - Pitching for New York Mets : RHP Jeff Jank
Pitching: RHP Billy McIntyre
Batting: RHB Yasuhide Kasahara 0-0: Ball
1-0: Ball
2-0: Ball
3-0: Base on Balls
Batting: LHB Erik Gretzky 0-0: Called Strike
0-1: Ball
1-1: Fly out, F8 (Flyball, 89M, EV 86.9 MPH)
Batting: RHB Jeckel Hester 0-0: Ball
1-0: Ball
2-0: Called Strike
2-1: Foul Ball, location: 2F
2-2: Ball
3-2: Foul Ball, location: 2F
3-2: Foul Ball, location: 2F
3-2: Fly out, F8 (Flyball, 8LM, EV 73.1 MPH)
Batting: RHB Ike Trout 0-0: Called Strike
0-1: Called Strike
0-2: Foul Ball, location: 2F
0-2: Foul Ball, location: 2F
0-2: Ball
1-2: Foul Ball, location: 2F
1-2: Ground out 4-3 (Groundball, 34, EV 81.9 MPH)
Bottom of the 9th over - 0 runs, 0 hits, 0 errors, 1 left on base; New York 6 - Atlanta 1
Tuesday, March 28th , 2023 - OOTP Baseball 23.10 Build 110